 Dungeon Crawl Stone Soup version 0.26-a0-712-ga5a9c9c9d0 (webtiles) character file.

Game seed: 4493939278526026909

46 Froggeryz the Ruffian (level 3, -2/23 HPs)
             Began as a Gargoyle Monk on Nov 1, 2020.
             Slain by an orc (3 damage)
             ... on level 1 of the Dungeon.
             The game lasted 00:00:56 (1166 turns).

Froggeryz the Ruffian (Gargoyle Monk)               Turns: 1166, Time: 00:00:57

Health: -2/23      AC:  5    Str: 15    XL:     3   Next: 68%
Magic:  3/3        EV: 12    Int: 10    God:
Gold:   43         SH:  0    Dex: 12    Spells: 2/2 levels left

rFire    . . .     SeeInvis .     - Unarmed
rCold    . . .     Faith    .   (no shield)
rNeg     + . .     Spirit   .   a - +0 robe
rPois    ∞         Reflect  .   (no helmet)
rElec    +         Harm     .   (no cloak)
rCorr    .         Rampage  .   (no gloves)
MR       .....                  (no boots)
Stlth    ++........             (no amulet)
HPRegen  0.07/turn              (no ring)
MPRegen  0.08/turn              (no ring)

@: brilliant
A: negative energy resistance 1, electricity resistance, unbreathing,
petrification resistance, rot immunity, AC +3
a: no special abilities


You were on level 1 of the Dungeon.
You visited 1 branch of the dungeon, and saw 2 of its levels.

You collected 43 gold pieces.

Inventory:

Armour
 a - a +0 robe (worn)
Scrolls
 b - a scroll of random uselessness {unknown}
 e - a scroll of identify {unknown}
Potions
 g - a potion of mutation {unknown}
 h - a potion of degeneration {unknown}


   Skills:
 - Level 3.2 Fighting
 - Level 2.4 Dodging
 - Level 2.1 Stealth
 * Level 4.5 Unarmed Combat


You had 2 spell levels left.
You didn't know any spells.
Your spell library was empty.

Dungeon Overview and Level Annotations

Branches:
Dungeon (2/15)

Altars:


Innate Abilities, Weirdness & Mutations

You are resistant to torment.
Your stone body is resilient. (AC +3)
You are immune to poison.
You resist negative energy. (rN+)
You are resistant to electric shocks. (rElec)
You can survive without breathing.
You are immune to petrification.
You are immune to rotting.


Message History

The orc priest barely misses you. The orc hits you but does no damage.
You hit the orc priest but do no damage.
The orc priest is heavily wounded.
The orc priest calls down the wrath of Beogh upon you.
Beogh smites you!
Ouch! That really hurt!
* * * LOW HITPOINT WARNING * * *
The orc hits you.
* * * LOW HITPOINT WARNING * * *
Okay, then.
You hit the orc priest but do no damage.
The orc priest is heavily wounded.
The orc priest closely misses you.
You completely miss the orc priest. Your punch misses the orc priest.
The orc priest is heavily wounded.
The orc closely misses you.
You closely miss the orc priest.
The orc priest is heavily wounded.
The orc hits you.
You die...

....# ####### #.# ....#
#.....# #.#
...#####.....# #.#
.............# #.#
....####.....### #.#
....##.......'.#######.#
...........).#)#.......#
.....#.#.....#.#o#######
.....#...#.###.#@#
..>..#####.# #.#o#
...........# #.#.#
....##########.#.# ....#
#.......#.# #####
#.#######.# #.# #.#
#.#######.# #...)..(.(#


You could see an orc priest and an orc.

Vanquished Creatures
  3 adders (D:2)
  An ooze (D:1)
  3 hobgoblins
  2 jackals (D:1)
  2 kobolds (D:1)
  A quokka (D:2)
  A bat (D:1)
  A frilled lizard (D:2)
  A goblin (D:1)
  2 rats
17 creatures vanquished.

Notes
Turn   | Place    | Note
-------+----------+-------------------------------------------
     0 | D:1      | Froggeryz the Gargoyle Monk began the quest for the Orb.
     0 | D:1      | Reached XP level 1. HP: 14/14 MP: 1/1
   271 | D:1      | Reached XP level 2. HP: 16/19 MP: 2/2
   769 | D:2      | Reached skill level 4 in Unarmed Combat
   769 | D:2      | Reached XP level 3. HP: 19/23 MP: 3/3
  1153 | D:1      | HP: 1/23 [orc priest/+0 flail (6)]
  1163 | D:1      | HP: 1/23 [orc (1)]
  1166 | D:1      | Slain by an orc

Illustrated notes

Levels and vault maps discovered:
D:1:      noname_arrival_rooms_in_the_neighbourhood, layout_basic
D:2:      layout_loops_corners, yredelemnul_forgotten_temple_becter,
          tso_oasis_becter, minmay_octomino_e4

Skill      XL: |  1  2 |
---------------+-------+-----
Unarmed Combat | 4 |  4.5
Fighting       | |  3.2
Dodging        | |  2.4
Stealth        | |  2.1

Action                   || total
-------------------------++-------
Melee: Unarmed           ||    81
       Punch             ||     1
  Use: Potion            ||     4
 Stab: Sleeping          ||     5
Armor: Robe              ||    24
Dodge: Dodged            ||    52

Table legend: (Time is in decaauts)
 A = Elapsed time spent in this place.
 B = Non-inter-level travel time spent in this place.
 C = Inter-level travel time spent in this place.
 D = Time resting spent in this place.
 E = Time spent auto-exploring this place.
 F = Levels seen in this place.
 G = Mean time per level.
                   A        B        C        D        E       F      G
               +--------+--------+--------+--------+--------+-----+--------+
         Total |   1160 |   1159 |      1 |    153 |    865 |   2 |  580.0 |
       Dungeon |   1160 |   1159 |      1 |    153 |    865 |   2 |  580.0 |
               +--------+--------+--------+--------+--------+-----+--------+

Top non-repeatable levels by time:
     D:1: 745 daAuts
     D:2: 415 daAuts
